 Dungeon Crawl Stone Soup version 0.27.1-1-g398f81649c (webtiles) character file.

Game seed: 10064456567664583662

149 funkygono the Firebug (level 5, -7/28 HPs)
             Began as a Gargoyle Fire Elementalist on Sept 12, 2021.
             Mangled by Edmund (8 damage)
             ... on level 2 of the Dungeon.
             The game lasted 00:05:24 (2214 turns).

funkygono the Firebug (Gargoyle Fire Elementalist)  Turns: 2214, Time: 00:05:24

Health: -7/28      AC:  8    Str: 11    XL:     5   Next: 31%
Magic:  6/9        EV: 12    Int: 17    God:
Gold:   73         SH:  0    Dex: 10    Spells: 6/10 levels left

rFire    . . .     SeeInvis .   c - +0 mace
rCold    . . .     Faith    .   (no shield)
rNeg     + . .     Spirit   .   a - +0 robe
rPois    ∞         Reflect  .   l - +0 helmet
rElec    +         Harm     .   (no cloak)
rCorr    .         Rampage  .   p - +0 pair of gloves
Will     .....                  (no boots)
Stlth    ++........             (no amulet)
HPRegen  0.09/turn              i - +4 ring of slaying
MPRegen  0.11/turn              (no ring)

@: no status effects
A: sickness immunity, AC +4, negative energy resistance 1, electricity
resistance, torment resistance 1, petrification resistance
a: no special abilities


You were on level 2 of the Dungeon.
You visited 1 branch of the dungeon, and saw 4 of its levels.

You collected 73 gold pieces.

Inventory:

Hand Weapons
 b - a +0 club
 c - a +0 mace (weapon)
Missiles
 d - 59 stones
Armour
 a - a +0 robe (worn)
 l - a +0 helmet (worn)
 p - a +0 pair of gloves (worn)
Magical Staves
 n - a staff of cold
Jewellery
 i - a +4 ring of slaying (left hand)
Scrolls
 g - a scroll of identify {unknown}
 h - a scroll of torment {unknown}
 m - a scroll of summoning {unknown}
Potions
 e - a potion of mutation {unknown}
 f - 2 potions of curing {unknown}
 j - a potion of degeneration {unknown}
 k - a potion of haste {unknown}
 o - a potion of cancellation {unknown}


   Skills:
 + Level 1.6 Dodging
 - Level 2.1 Stealth
 * Level 3.1 Spellcasting
 * Level 2.2 Conjurations
 * Level 4.6 Fire Magic


You had 6 spell levels left.
You knew the following spells:

 Your Spells              Type           Power      Damage    Failure   Level
a - Foxfire               Conj/Fire      56%        2x1d6     4%          1
b - Conjure Flame         Conj/Fire      14%        6-21      12%         3

Your spell library contained the following spells:

 Spells                   Type           Power      Damage    Failure   Level
 Inner Flame              Hex/Fire       10%        N/A       21%         3
 Ignite Poison            Fire/Tmut/Pois 7%         N/A       26%         3
 Mephitic Cloud           Conj/Pois/Air  5%         N/A       36%         3
 Sticky Flame             Conj/Fire      14%        2d4       38%         4
 Fireball                 Conj/Fire      7%         3d5       75%         5
 Bolt of Magma            Conj/Fire/Erth 5%         4d5       88%         5


Dungeon Overview and Level Annotations

Branches:
Dungeon (4/15)
 Temple: D:4-7

Altars:

Annotations:
D:2 Edmund


Innate Abilities, Weirdness & Mutations

You are immune to sickness and miasma.
Your stone body is resilient. (AC +4)
You are immune to poison.
You resist negative energy. (rN+)
You are resistant to electric shocks. (rElec)
You are resistant to unholy torment.
You are immune to petrification.


Message History

The goblin barely misses you.
You completely miss the goblin. The quokka bites you.
The goblin barely misses you.
You thump the goblin!
You kill the goblin!
The quokka bites you but does no damage.
The quokka misses you.
The quokka twitches its whiskers.
Things that are here:
a +0 dagger; a goblin corpse The quokka barely misses you.
Casting: Foxfire (safe; 4% risk of failure)
Confirm with . or Enter, or press ? or * to list all spells.
The spell is quite dangerous to cast (12% risk of failure)!
Continue anyway?
The fire begins to smoulder!
The quokka barely misses you. x2
You sock the quokka!
You kill the quokka!
The kobold hits you but does no damage.
You smother the flame.
Unknown command.
Unknown command.
A kobold comes into view. It is wielding a +0 short sword.
The kobold shouts!
The kobold misses you.
Found 7 boomerangs.
Edmund says, "You wouldn't believe how much I paid for this flail."
The kobold hits you with a +0 club.
Edmund hits you with a +6 flail of protection.
There is a stone staircase leading up here.
The quokka misses you.
Edmund hits you with a +6 flail of protection.
* * * LOW HITPOINT WARNING * * *
The quokka barely misses you.
You climb upwards.
There is a stone staircase leading down here.
Unknown command.
Edmund hits you with a +6 flail of protection!
* * * LOW HITPOINT WARNING * * *
The quokka bites you but does no damage.
Edmund hits you with a +6 flail of protection!
You die...

#.....#.#.#.####
#######.#.#....#
........#.#.##.### #.#
###.......####...# #.#
######.....###.# #.#
#..#......######## #.#
#.########........ ###..
#.....####.###########....
#####.#r.@.÷..............
#.#>@.................
#.################.##† #.#
#.##. #........... ..##†
#.##.####### #####. # ..#
## ... ####


You could see Edmund and a quokka.

Vanquished Creatures
  A hound (D:2)
  A jelly (D:4)
  A hound skeleton (D:4)
  3 adders (D:2)
  A worm (D:2)
  2 dart slugs (D:1)
  6 ball pythons
  4 endoplasms (D:1)
  2 giant cockroaches
  4 hobgoblins
  2 kobolds (D:1)
  5 quokkas
  3 bats
  2 frilled lizards (D:2)
  4 goblins
41 creatures vanquished.

Vanquished Creatures (others)
  149 foxfires
149 creatures vanquished.

Grand Total: 190 creatures vanquished

Notes
Turn   | Place    | Note
-------+----------+-------------------------------------------
     0 | D:1      | funkygono the Gargoyle Fire Elementalist began the quest
                  | for the Orb.
     0 | D:1      | Reached XP level 1. HP: 10/10 MP: 3/3
   227 | D:1      | Reached XP level 2. HP: 11/15 MP: 0/5
   426 | D:1      | Found a faded altar of an unknown god.
   879 | D:1      | Reached XP level 3. HP: 19/19 MP: 1/6
  1303 | D:1      | Learned a level 3 spell: Conjure Flame
  1380 | D:2      | Reached skill level 4 in Fire Magic
  1797 | D:2      | Reached XP level 4. HP: 24/24 MP: 2/7
  2028 | D:2      | You fall into a shaft and drop 2 floors!
  2035 | D:4      | Reached XP level 5. HP: 28/28 MP: 2/9
  2122 | D:4      | Noticed Edmund
  2213 | D:2      | HP: 1/28 [Edmund (7)]
  2214 | D:2      | Mangled by Edmund

Illustrated notes

Levels and vault maps discovered:
D:1:      scummos_arrival_simple_crosswalls, layout_basic,
          hellmonk_ecumenical_altar_zigzags
D:2:      layout_basic, nrook_mini_vaults
D:3:      layout_rooms, tgw_trog, grunt_qazlal_clouds,
          mainiacjoe_overflow_brackets
D:4:      layout_basic, elyvilon_altar_5, mainiacjoe_overflow_small_starburst,
          nicolae_overflow_hidden_temple, nicolae_ru_the_path_less_chosen,
          uniq_edmund

Skill      XL: |  1  2  3  4 |
---------------+-------------+-----
Fire Magic     | 4 |  4.6
Conjurations   | 2 |  2.2
Spellcasting   | 3 |  3.1
Dodging        | |  1.6
Stealth        | |  2.1

Action                   |  1- 3 |  4- 6 || total
-------------------------+-------+-------++-------
Melee: Mace              |     6 |     3 ||     9
 Cast: Foxfire           |    62 |    27 ||    89
       Conjure Flame     |       |     1 ||     1
Armor: Robe              |    10 |     9 ||    19
Dodge: Dodged            |    24 |    25 ||    49
